 Dungeon Crawl Stone Soup version 0.28-a0-1632-g283549b12f (webtiles) character file.

Game seed: 770817145129583451

94 Colgate the Slasher (level 4, -1/32 HPs)
             Began as a Merfolk Wanderer on Jan 25, 2022.
             Was an Initiate of Wu Jian.
             Slain by a centaur (5 damage)
             ... on level 3 of the Dungeon.
             The game lasted 00:25:03 (2770 turns).

Colgate the Slasher (Merfolk Wanderer)              Turns: 2770, Time: 00:25:04

Health: -1/32      AC:  6    Str: 15    XL:     4   Next: 63%
Magic:  4/4        EV: 10    Int: 10    God:    Wu Jian [......]
Gold:   143        SH:  0    Dex: 13    Spells: 3/3 levels left

rFire   . . .      SeeInvis .   a - +3 falchion
rCold   . . .      Faith    .   (no shield)
rNeg    + + .      Spirit   .   j - +0 ring mail
rPois   .          Reflect  .   (no helmet)
rElec   .          Harm     .   o - +0 cloak
rCorr   .          Rampage  .   (no gloves)
Will    .....                   (no boots)
Stlth   +.........              (no amulet)
HPRegen 0.10/turn               m - ring of positive energy
MPRegen 0.09/turn               r - ring of positive energy

@: no status effects
A: (nimble swimmer 2), mertail
a: Renounce Religion


You were on level 3 of the Dungeon.
You worshipped Wu Jian.
Wu Jian was noncommittal.
You visited 1 branch of the dungeon, and saw 3 of its levels.

You collected 143 gold pieces.

Inventory:

Hand Weapons
 a - a +3 falchion (weapon)
 b - a +0 spear
Missiles
 c - 62 stones
 g - 5 poisoned darts (quivered)
 i - a boomerang
Armour
 j - a +0 ring mail (worn)
 o - a +0 cloak (worn)
Jewellery
 m - a ring of positive energy (left hand)
 r - a ring of positive energy (right hand)
Scrolls
 f - a scroll of identify {unknown}
 h - 2 scrolls of blinking {unknown}
 p - a scroll of enchant armour {unknown}
 q - a scroll of amnesia {unknown}
Potions
 d - 2 potions of resistance {unknown}
 e - 2 potions of curing {unknown}
 k - a potion of ambrosia {unknown}
 l - a potion of berserk rage {unknown}
 n - a potion of heal wounds {unknown}


   Skills:
 - Level 1.1 Fighting
 + Level 7.3 Long Blades
 - Level 4.4 Polearms
 - Level 1.0 Armour


You had 3 spell levels left.
You didn't know any spells.
Your spell library contained the following spells:

 Spells                   Type           Power      Damage    Failure   Level
 Shock                    Conj/Air       0%         1d3       58%         1
 Swiftness                Air            0%         N/A       92%         3
 Airstrike                Air            0%         N/A       100%        4
 Fulminant Prism          Conj/Hex       0%         3d6       100%        4
 Iskenderun's Mystic Bla  Conj/Tloc      0%         2d3       100%        4
 Lee's Rapid Deconstruct  Erth           0%         3d5*      100%        5


Dungeon Overview and Level Annotations

Branches:
Dungeon (3/15)

Altars:
Wu Jian


Innate Abilities, Weirdness & Mutations

((You are very nimble when in or above water. (Stealth+, EV+, Speed+++)))
Your lower body shifts to a powerful aquatic tail in water.


Message History

The arrow freezes you.
The centaur shoots an arrow.
The arrow hits you! The arrow freezes you.
Things that are here:
a +0 short sword; an orc corpse The centaur shoots an arrow.
The arrow hits you but does no damage.
You start resting.
The centaur shoots an arrow.
The arrow hits you! The arrow freezes you.
The centaur unwields a +1 shortbow of freezing.
The centaur hits you.
* * * LOW HITPOINT WARNING * * *
The centaur completely misses you.
You slash the centaur!
The centaur is moderately wounded.
The centaur barely misses you.
The centaur kicks you but does no damage.
You barely miss the centaur.
The centaur is moderately wounded.
The centaur completely misses you. The centaur kicks you.
* * * LOW HITPOINT WARNING * * *
The centaur hits you but does no damage.
The centaur kicks you but does no damage.
You hit the centaur but do no damage.
The centaur is moderately wounded.
The centaur hits you but does no damage.
The centaur kicks you but does no damage.
You slash the centaur!
The centaur is severely wounded.
The centaur barely misses you. x2; The centaur closely misses you.
The centaur kicks you but does no damage.
You hit the centaur but do no damage.
The centaur is severely wounded.
The centaur hits you.
* * * LOW HITPOINT WARNING * * *
The centaur kicks you but does no damage.
You hit the centaur.
The centaur is almost dead.
The centaur hits you.
* * * LOW HITPOINT WARNING * * *
The centaur barely misses you. The centaur hits you.
You die...

.....>#.# ### #.#
###.#...# #.####
#.# ###.#...##
#....# #.#
.........####.##.#
#c#
.####.#........#.#
#.#
......#..####..#.#
#.#
#######........#.#
#.# # ##........#.#
#.#
#.....#.#.#@#####.#
#.#.....#.#.c)....#
#.##..###.#########
#.##).....#
#.##..#####
#.###.## #.#
#..###### #.#
#.......#
#.####..###.#


You could see a centaur.

Vanquished Creatures
  An adder (D:2)
  6 worms
  3 dart slugs
  2 orcs (D:3)
  5 ball pythons
  3 endoplasms
  3 giant cockroaches
  11 goblins
  6 hobgoblins
  2 quokkas
  6 bats
  2 frilled lizards
  3 kobolds
  5 rats
58 creatures vanquished.

Notes
Turn   | Place    | Note
-------+----------+-------------------------------------------
     0 | D:1      | Colgate the Merfolk Wanderer began the quest for the Orb.
     0 | D:1      | Colgate set off with the following items: a +3 falchion, a
                  | +0 spear, a +0 leather armour
     0 | D:1      | Reached XP level 1. HP: 15/15 MP: 1/1
   276 | D:1      | Reached XP level 2. HP: 21/21 MP: 2/2
   509 | D:1      | Reached skill level 6 in Long Blades
  1025 | D:1      | Reached XP level 3. HP: 26/26 MP: 3/3
  1577 | D:2      | Found an ornate altar of the Wu Jian Council.
  1595 | D:2      | Became a worshipper of the Wu Jian Council
  1819 | D:2      | Reached XP level 4. HP: 32/32 MP: 4/4
  1880 | D:2      | Reached skill level 7 in Long Blades
  2277 | D:3      | Found a faded altar of an unknown god.
  2751 | D:3      | Noticed a centaur
  2770 | D:3      | Slain by a centaur

Illustrated notes

Levels and vault maps discovered:
D:1:      dpeg_arrival_central, layout_basic, minmay_misc_feat_pillars,
          minmay_pentomino_o4
D:2:      layout_loops_cross, basic_altar
D:3:      layout_basic, hellmonk_ecumenical_altar_lost_god

Skill      XL: |  1  2  3  4 |
---------------+-------------+-----
Long Blades    | 6 7 |  7.3
Fighting       | |  1.1
Polearms       | |  4.4
Armour         | |  1.0

Action                   |  1- 3 |  4- 6 || total
-------------------------+-------+-------++-------
Melee: Falchion          |    84 |    45 ||   129
       Punch             |     1 |       ||     1
       Spear             |    14 |       ||    14
Throw: Boomerang         |    29 |       ||    29
       Stone             |    17 |    12 ||    29
       Dart              |       |    13 ||    13
Invok: Lunge             |     6 |    11 ||    17
Armor: Leather armour    |     2 |       ||     2
       Robe              |     7 |       ||     7
       Ring mail         |    11 |    20 ||    31
Dodge: Dodged            |    29 |    21 ||    50

Table legend: (Time is in decaauts)
 A = Elapsed time spent in this place.
 B = Non-inter-level travel time spent in this place.
 C = Inter-level travel time spent in this place.
 D = Time resting spent in this place.
 E = Time spent auto-exploring this place.
 F = Levels seen in this place.
 G = Mean time per level.
                   A        B        C        D        E       F      G
               +--------+--------+--------+--------+--------+-----+--------+
         Total |   2776 |   2590 |    186 |      5 |   1743 |   3 |  925.3 |
       Dungeon |   2776 |   2590 |    186 |      5 |   1743 |   3 |  925.3 |
               +--------+--------+--------+--------+--------+-----+--------+

Top non-repeatable levels by time:
     D:1: 1319 daAuts
     D:2: 1009 daAuts
     D:3: 446 daAuts
